 Dungeon Crawl Stone Soup version 0.30.0-10-gfe55d96785 (webtiles) character file.

Game seed: 14919051888108703038

340 RascalDebosk the Magician (level 6, -2/45 HPs)
             Began as a Djinni Air Elementalist on May 14, 2023.
             Was an Initiate of Ashenzari.
             Slain by a hound (4 damage)
             ... on level 7 of the Dungeon.
             The game lasted 00:15:09 (3128 turns).

RascalDebosk the Magician (Djinni Air Elementalist) Turns: 3128, Time: 00:15:09

Health: -2/45      AC:  2    Str:  7    XL:     6   Next: 87%
Gold:   199        EV: 12    Int: 19    God:    Ashenzari [......] SH:  0 Dex: 13

rFire   + + .        c - +1 short sword (venom)
rCold   x . .        (no shield)
rNeg    . . .        a - +0 robe
rPois   ∞            (no helmet)
rElec   .            (no cloak)
rCorr   .            (no gloves)
SInv    .            (boots unavailable)
Will    .....        (no amulet)
Stlth   ++           (no ring)
HPRegen 0.27/turn    (no ring)
MPRegen 0.00/turn

%: infuse magic (-3 HP)
@: flying
A: sickness immunity, fire resistance 2, cold vulnerability 1, float, innate
caster, HP casting, extra vitality 1
a: Renounce Religion, Curse Item


You were on level 7 of the Dungeon.
You worshipped Ashenzari.
Ashenzari was noncommittal.
You visited 1 branch of the dungeon, and saw 6 of its levels.

You collected 199 gold pieces.

Inventory:

Hand Weapons
 c - a +1 short sword of venom (weapon)
Missiles
 p - a throwing net {@!f}
Armour
 a - a +0 robe (worn)
Scrolls
 b - a scroll of teleportation {unknown}
 f - 7 scrolls of identify {unknown}
 g - 2 scrolls of magic mapping {unknown}
 j - a scroll of summoning {unknown}
 l - a scroll of vulnerability {unknown}
 m - a scroll of enchant weapon {unknown}
 q - a scroll of fear {unknown}
Potions
 d - 3 potions of flight {unknown}
 e - 2 potions of might {unknown}
 h - a potion of heal wounds {unknown}
 i - 3 potions of attraction {unknown}
 k - 5 potions of lignification {unknown}
 n - a potion of curing {unknown}
 o - a potion of berserk rage {unknown}


   Skills:
 * Level 2.5 Fighting
 + Level 1.5 Armour
 - Level 2.1 Dodging
 + Level 1.8 Stealth
 * Level 4.5 Spellcasting
 + Level 1.5 Evocations


You knew the following spells:

 Your Spells              Type           Power      Damage    Failure   Level
a - Shock                 Conj/Air       84%        1d8       1%          1
b - Static Discharge      Conj/Air       42%        2-4/arc   3%          2
c - Swiftness             Air            21%        N/A       6%          3
d - Airstrike             Air            10%        2d(2-18)  21%         4
e - Apportation           Tloc           42%        N/A       1%          1
f - Ensorcelled Hibernat  Hex/Ice        42%        N/A       3%          2
Your spell library was empty.

Dungeon Overview and Level Annotations

Branches:
Dungeon (7/15)
 Temple: D:4-7

Altars:
Ashenzari
Okawaru

Shops:
D:3 :


Innate Abilities, Weirdness & Mutations

You are immune to sickness and miasma.
You are immune to poison.
Your flesh is very heat resistant. (rF++)
You are vulnerable to cold. (rC-)
You float through the air rather than walking.
You learn spells naturally, not from books.
Your magical power is your life essence.
You have superior vitality. (+4 MHP)


Message History

You kill the orc!
You are struck by an arc of lightning.
The orc hits you from afar with a +0 trident.
Casting: Static Discharge (safe; 3% risk of failure)
Confirm with . or Enter, or press ? or * to list all spells.
Aiming: Shock (safe; 1% risk of failure)
Press: ? - help, Shift-Dir - straight line, f - orc
Aim: an orc, wielding a +0 trident (74% to hit)
The zap hits the orc.
You kill the orc!
Casting: Shock (safe; 1% risk of failure)
Confirm with . or Enter, or press ? or * to list all spells.
The orc is struck by an arc of lightning.
The orc is moderately wounded.
You are struck by an arc of lightning.
The orc is struck by an arc of lightning.
The orc is heavily wounded.
The lightning grounds out.
The orc hits you but does no damage.
Casting: Static Discharge (safe; 3% risk of failure)
Confirm with . or Enter, or press ? or * to list all spells.
The orc is struck by an arc of lightning.
The orc is almost dead.
The orc is struck by an arc of lightning.
The orc is moderately wounded.
The lightning grounds out.
The hound misses you. The orc hits you with a +0 dagger.
The orc hits you with a +0 club.
Casting: Static Discharge (safe; 3% risk of failure)
Confirm with . or Enter, or press ? or * to list all spells.
The orc is struck by an arc of lightning.
The orc is severely wounded.
The orc is struck by an arc of lightning.
You kill the orc!
The orc is struck by an arc of lightning.
You kill the orc!
The lightning grounds out.
The hound closely misses you.
An orc comes into view. It is wielding a +0 flail of draining.
The hound closely misses you. The shadow imp closely misses you.
Casting: Static Discharge (safe; 3% risk of failure)
Confirm with . or Enter, or press ? or * to list all spells.
The shadow imp is struck by an arc of lightning.
The shadow imp is heavily wounded.
The hound is struck by an arc of lightning.
The hound is lightly wounded.
You are struck by an arc of lightning.
* * * LOW HITPOINT WARNING * * *
The hound is struck by an arc of lightning.
The hound is moderately wounded.
The lightning grounds out.
The hound is struck by an arc of lightning.
The hound is heavily wounded.
You are struck by an arc of lightning.
* * * LOW HITPOINT WARNING * * *
The shadow imp is struck by an arc of lightning.
You kill the shadow imp!
You are struck by an arc of lightning.
* * * LOW HITPOINT WARNING * * *
The lightning grounds out.
* * * LOW HITPOINT WARNING * * *
The hound closely misses you. The hound bites you.
* * * LOW HITPOINT WARNING * * *
The hound bites you.
* * * LOW HITPOINT WARNING * * *
You fly downwards.
There is a stone staircase leading up here.
Casting: Static Discharge (safe; 3% risk of failure)
Confirm with . or Enter, or press ? or * to list all spells.
Aiming: Shock (safe; 1% risk of failure)
Press: ? - help, Shift-Dir - straight line, f - hound
Aim: a hound (heavily wounded, 64% to hit)
The zap hits the hound.
The hound is severely wounded.
* * * LOW HITPOINT WARNING * * *
The hound bites you.
* * * LOW HITPOINT WARNING * * *
The hound bites you.
* * * LOW HITPOINT WARNING * * *
Casting: Shock (safe; 1% risk of failure)
Confirm with . or Enter, or press ? or * to list all spells.
Aiming: Shock (safe; 1% risk of failure)
Press: ? - help, Shift-Dir - straight line, f/p - hound
Aim: a hound (severely wounded, 64% to hit)
The zap hits the hound.
The hound is almost dead.
* * * LOW HITPOINT WARNING * * *
The hound misses you.
Casting: Shock (safe; 1% risk of failure)
Confirm with . or Enter, or press ? or * to list all spells.
Aiming: Shock (safe; 1% risk of failure)
Press: ? - help, Shift-Dir - straight line, f/p - hound
Aim: a hound (almost dead, 64% to hit)
The zap hits the hound.
The hound is almost dead.
* * * LOW HITPOINT WARNING * * *
The hound barely misses you. The hound closely misses you.
Casting: Shock (safe; 1% risk of failure)
Confirm with . or Enter, or press ? or * to list all spells.
You don't have enough health to cast this spell.
The hound barely misses you. The hound bites you.
You die...

#..# #..#
#..# #..####
###.....###
#.........#
#....<.#
#...h..######
#....@.......
#......#.....
#.#######....
### ##.. .


You could see a hound.

Vanquished Creatures
  Sigmund (D:3)
  A hound (D:4)
  An orc wizard (D:6)
  3 gnolls (D:4)
  2 shadow imps
  A worm (D:2)
  3 dart slugs
  5 orcs
  5 bats
  An endoplasm (D:3)
  5 giant cockroaches
  3 hobgoblins
  5 jackals
  A kobold (D:1)
  6 quokkas
  4 ball pythons
  A frilled lizard (D:2)
  5 goblins
  4 rats
57 creatures vanquished.

Notes
Turn   | Place    | Note
-------+----------+-------------------------------------------
     0 | D:1      | RascalDebosk the Djinni Air Elementalist began the quest
                  | for the Orb.
     0 | D:1      | RascalDebosk set off with the following spells memorised:
                  | Shock, Static Discharge, Swiftness, Airstrike.
     0 | D:1      | Reached XP level 1. HP: 15/15 MP: 0/0
   261 | D:1      | Reached XP level 2. HP: 20/21 MP: 0/0
   308 | D:1      | Reached skill level 3 in Spellcasting
   746 | D:1      | Reached XP level 3. HP: 22/25 MP: 0/0
   746 | D:1      | Learned a level 1 spell: Apportation
  1580 | D:3      | Reached XP level 4. HP: 29/31 MP: 0/0
  1872 | D:3      | Noticed Sigmund
  1888 | D:3      | Killed Sigmund
  1889 | D:3      | Reached skill level 4 in Spellcasting
  1889 | D:3      | Reached skill level 1 in Fighting
  1889 | D:3      | Reached skill level 1 in Armour
  1889 | D:3      | Reached skill level 1 in Evocations
  1889 | D:3      | Reached XP level 5. HP: 14/38 MP: 0/0
  1889 | D:3      | Learned a level 2 spell: Ensorcelled Hibernation
  1889 | D:3      | Reached XP level 6. HP: 16/43 MP: 0/0
  1892 | D:3      | Found a broken altar of Ashenzari.
  1908 | D:3      | Became a worshipper of Ashenzari the Shackled
  2494 | D:3      | Found Joju's Book Emporium.
  2873 | D:4      | Found an iron altar of Okawaru.
  3107 | D:4      | You are sucked into a shaft and drop 3 floors!
  3124 | D:7      | HP: 2/45 [hound (4)]
  3128 | D:7      | Slain by a hound

Illustrated notes

Levels and vault maps discovered:
D:1:      lightli_arrival_boilingwater, layout_basic,
          chequers_serial_rivers_micro_a, minmay_shallow_snake_nest
D:2:      layout_basic
D:3:      layout_basic, nicolae_ashenzari_panopticon, serial_shops,
          nicolae_shop_just_a_little_nook, uniq_sigmund
D:4:      minmay_skewed_foursquare, layout_basic, okawaru_gym_becter,
          jmf_multi_god_temple2, elyvilon_altar_5, st_stairs_13
D:6:      layout_cave_pools, grunt_dithmenos_smoke_and_mirrors,
          mainiacjoe_overflow_catwalk_spiral, enter_ossuary_2
D:7:      layout_rooms, demons_altar, led_sif_pool, nicolae_uskayaw_suspiria,
          tgw_fedhas, minivault_11, hangedman_misty_isle

Skill      XL: |  1  2  3  4  5  6 |
---------------+-------------------+-----
Spellcasting   | 3 4 |  4.5
Fighting       | 1 2 |  2.5
Armour         | 1 |  1.5
Evocations     | 1 |  1.5
Dodging        | |  2.1
Stealth        | |  1.8

Action                     |  1- 3 |  4- 6 || total
---------------------------+-------+-------++-------
  Melee: Short sword       |       |     1 ||     1
   Cast: Shock             |    77 |    41 ||   118
         Static Discharge  |     2 |     9 ||    11
         Ensorcelled Hiber |       |     2 ||     2
 Armour: Robe              |       |     2 ||     2
  Dodge: Dodged            |     8 |    15 ||    23
